 Dungeon Crawl Stone Soup version 0.31-a0-466-g98c9adc2b6 (webtiles) character file.

Game seed: 12882476399821603086

391 MisterAzrael the Magician (level 7, 0/45 HPs)
             Began as a Djinni Earth Elementalist on Aug 5, 2023.
             Was an Initiate of Qazlal.
             Killed from afar by Dowan (15 damage)
             ... with a stone arrow
             ... on level 4 of the Dungeon.
             The game lasted 00:05:48 (3095 turns).

MisterAzrael the Magician (DjEE)                    Turns: 3095, Time: 00:05:48

Health: 0/45       AC:  3    Str:  9    XL:     7   Next: 8%
Gold:   160        EV: 12    Int: 16    God:    Qazlal [......] SH:  0 Dex: 14

rFire   + + .        f - staff of poison
rCold   . . .        (no shield)
rNeg    . . .        m - +1 robe {rC+}
rPois   ∞            (no helmet)
rElec   .            (no cloak)
rCorr   .            (no gloves)
SInv    .            (boots unavailable)
Will    .....        (no amulet)
Stlth   ++           (no ring)
HPRegen 0.27/turn    (no ring)
MPRegen 0.00/turn

%: infuse magic (-1 HP)
@: immotile, flying
A: sickness immunity, fire resistance 2, cold vulnerability 1, float, innate
caster, HP casting, extra vitality 1
a: Renounce Religion


You were on level 4 of the Dungeon.
You worshipped Qazlal.
Qazlal was noncommittal.
You visited 1 branch of the dungeon, and saw 4 of its levels.

You collected 160 gold pieces.

Inventory:

Armour
 a - a +0 robe
 m - a +1 robe of cold resistance (worn)
 o - the +4 ring mail of the Guilds {rElec}
   (You found it on level 3 of the Dungeon)

   rElec:     It insulates you from electricity.
Magical Staves
 f - a staff of poison (weapon)
Wands
 l - a wand of flame (18)
Scrolls
 b - 2 scrolls of fear {unknown}
 d - a scroll of brand weapon {unknown}
 e - a scroll of teleportation {unknown}
 h - 2 scrolls of identify {unknown}
 n - a scroll of acquirement {unknown}
 q - a scroll of fog {unknown}
Potions
 c - 2 potions of curing
 g - 2 potions of might {unknown}
 i - 2 potions of degeneration {unknown}
 j - 3 potions of attraction {unknown}
 k - a potion of resistance {unknown}
 p - 2 potions of mutation {unknown}


   Skills:
 - Level 2.1 Dodging
 - Level 1.5 Stealth
 * Level 5.8 Spellcasting
 * Level 5.8 Conjurations
 * Level 5.8 Hexes
   Level 0.0 Charms
 * Level 5.8 Summonings
 * Level 5.8 Necromancy
 * Level 5.8 Translocations
 * Level 5.8 Transmutations
 * Level 5.8 Fire Magic
 * Level 5.8 Ice Magic
 * Level 5.8 Air Magic
 * Level 5.8 Earth Magic
 * Level 5.8 Poison Magic


You knew the following spells:

 Your Spells              Type           Power      Damage    Failure   Level
a - Sandblast             Erth           46%        2d11      1%          1
b - Passwall              Tmut/Erth      19%        N/A       1%          2
c - Stone Arrow           Conj/Erth      46%        3d9       3%          3
d - Petrify               Tmut/Erth      23%        N/A       12%         4
e - Kiss of Death         Conj/Necr      92%        2d12      1%          1
f - Momentum Strike       Conj/Tloc      46%        3d9       1%          2
g - Blink                 Tloc           46%        N/A       1%          2
Your spell library was empty.

Dungeon Overview and Level Annotations

Branches:
Dungeon (4/15)
 Temple: D:4-7

Altars:
Dithmenos
Qazlal
Xom
The Shining One

Annotations:
D:4 Dowan


Innate Abilities, Weirdness & Mutations

You are immune to sickness and miasma.
You are immune to poison.
Your flesh is very heat resistant. (rF++)
You are vulnerable to cold. (rC-)
You float through the air rather than walking.
You learn spells naturally, not from books.
Your magical power is your life essence.
You have superior vitality. (+4 MHP)


Message History

Dowan zaps a wand.
The puff of flame misses you.
Dowan zaps a wand.
The puff of flame hits you. You resist.
Casting: Stone Arrow (dangerous; 3% risk of failure)
Confirm with . or Enter, or press ? or * to list all spells.
You can't see any susceptible monsters within range! (Use Z to cast anyway.)
Casting: Stone Arrow (dangerous; 3% risk of failure)
Confirm with . or Enter, or press ? or * to list all spells.
Aiming: Momentum Strike (safe; 1% risk of failure)
Press: ? - help, Dir - move target, f - Dowan
Aim: Dowan, wielding a +0 dagger, wearing a +0 robe and carrying a wand of flame (fast, 60% to hit)
The concentrated momentum misses Dowan.
Casting: Momentum Strike (safe; 1% risk of failure)
Confirm with . or Enter, or press ? or * to list all spells.
Aiming: Momentum Strike (safe; 1% risk of failure)
Press: ? - help, Dir - move target, f/p - Dowan
Aim: Dowan, wielding a +0 dagger, wearing a +0 robe and carrying a wand of flame (fast, 60% to hit)
The concentrated momentum hits Dowan!
Dowan is heavily wounded.
You are unable to move.
Casting: Momentum Strike (safe; 1% risk of failure)
Confirm with . or Enter, or press ? or * to list all spells.
You cannot redirect your momentum while unable to move.
Unknown command.
Dowan points at you and mumbles some strange words.
The stone arrow hits you! Dowan casts a spell at you.
The shard of ice misses you. Dowan closely misses you.
Casting: Momentum Strike (safe; 1% risk of failure)
Confirm with . or Enter, or press ? or * to list all spells.
Okay, then.
Aiming: Stone Arrow (dangerous; 3% risk of failure)
Press: ? - help, Q - select action, (/) - cycle Shift-Dir - straight line, f/p - Dowan
Aim: Dowan, wielding a +0 dagger, wearing a +0 robe and carrying a wand of flame (moderately wounded, fast, 60% to hit)
The stone arrow hits Dowan!
Dowan is severely wounded.
Dowan hits you with a +0 dagger.
Dowan points at you and mumbles some strange words.
The stone arrow hits you!
You die...

#.#.# . .....
.##.#.## #.
...... ... #.#.#
.... . #...#
.....
....##...##......
.....([.@........
........e........
.......).......#.
.........÷...#...
#.....)..........
#####....#...#.#.
#............
.........#...


You could see Dowan (fast).

Vanquished Creatures
  Duvessa (D:4)
  Blork the orc (D:3)
  Jessica (D:2)
  3 orc wizards
  4 adders
  2 dart slugs
  7 orcs
  7 ball pythons
  2 endoplasms (D:1)
  7 giant cockroaches
  4 hobgoblins
  5 jackals
  2 quokkas (D:1)
  6 bats
  12 goblins
  5 kobolds
  10 rats
79 creatures vanquished.

Notes
Turn   | Place    | Note
-------+----------+-------------------------------------------
     0 | D:1      | MisterAzrael the Djinni Earth Elementalist began the quest
                  | for the Orb.
     0 | D:1      | MisterAzrael set off with the following spells memorised:
                  | Sandblast, Passwall, Stone Arrow, Petrify.
     0 | D:1      | Reached XP level 1. HP: 15/15 MP: 0/0
    67 | D:1      | Reached XP level 2. HP: 20/21 MP: 0/0
   191 | D:1      | Reached XP level 3. HP: 19/25 MP: 0/0
   191 | D:1      | Learned a level 1 spell: Kiss of Death
   597 | D:2      | Reached XP level 4. HP: 27/31 MP: 0/0
  1062 | D:2      | Noticed Jessica
  1066 | D:2      | Killed Jessica
  1295 | D:3      | Reached XP level 5. HP: 29/35 MP: 0/0
  1295 | D:3      | Learned a level 2 spell: Momentum Strike
  1389 | D:3      | Identified the +4 ring mail of the Guilds {rElec}
  1642 | D:3      | Found a stormy altar of Qazlal.
  1642 | D:3      | Found a shimmering altar of Xom.
  1649 | D:3      | Became a worshipper of Qazlal Stormbringer
  1869 | D:3      | Found a shadowy altar of Dithmenos.
  2276 | D:3      | Found a glowing golden altar of the Shining One.
  2477 | D:4      | Noticed Blork the orc
  2487 | D:3      | Killed Blork the orc
  2488 | D:3      | Reached skill level 5 in Spellcasting
  2488 | D:3      | Reached skill level 5 in Conjurations
  2488 | D:3      | Reached skill level 5 in Hexes
  2488 | D:3      | Reached skill level 5 in Summonings
  2488 | D:3      | Reached skill level 5 in Necromancy
  2488 | D:3      | Reached skill level 5 in Translocations
  2488 | D:3      | Reached skill level 5 in Transmutations
  2488 | D:3      | Reached skill level 5 in Fire Magic
  2488 | D:3      | Reached skill level 5 in Ice Magic
  2488 | D:3      | Reached skill level 5 in Air Magic
  2488 | D:3      | Reached skill level 5 in Earth Magic
  2488 | D:3      | Reached skill level 5 in Poison Magic
  2488 | D:3      | Reached XP level 6. HP: 7/40 MP: 0/0
  2787 | D:4      | Noticed Duvessa
  2787 | D:4      | Noticed Dowan
  3020 | D:4      | Killed Duvessa
  3021 | D:4      | Reached XP level 7. HP: 29/45 MP: 0/0
  3021 | D:4      | Learned a level 2 spell: Blink
  3095 | D:4      | Killed from afar by Dowan

Illustrated notes

Levels and vault maps discovered:
D:1:      lightli_arrival_noodles, layout_rooms, minmay_domino_4
D:2:      layout_basic, uniq_jessica
D:3:      layout_basic, lemuel_tele_altar, mainiacjoe_overflow_surrounded_room,
          jmf_multi_god_temple
D:4:      layout_basic, old_standard_altar, ebering_ghost_disaster_area,
          nicolae_shop_clearance, uniq_sigmund, uniq_duvessa, uniq_blork_the_orc

Skill      XL: |  1  2  3  4  5 |
---------------+----------------+-----
Spellcasting   | 4 5 |  5.8
Conjurations   | 4 5 |  5.8
Hexes          | 4 5 |  5.8
Summonings     | 4 5 |  5.8
Necromancy     | 4 5 |  5.8
Translocations | 4 5 |  5.8
Transmutations | 4 5 |  5.8
Fire Magic     | 4 5 |  5.8
Ice Magic      | 4 5 |  5.8
Air Magic      | 4 5 |  5.8
Earth Magic    | 4 5 |  5.8
Poison Magic   | 4 5 |  5.8
Dodging        | |  2.1
Stealth        | |  1.5

Action                     |  1- 3 |  4- 6 |  7- 9 || total
---------------------------+-------+-------+-------++-------
  Melee: Unarmed           |     2 |       |       ||     2
   Cast: Sandblast         |    45 |     2 |       ||    47
         Kiss of Death     |     1 |       |       ||     1
         Stone Arrow       |       |    55 |     1 ||    56
         Momentum Strike   |       |     3 |     2 ||     5
         Petrify           |       |     1 |       ||     1
    Use: Potion            |       |     1 |       ||     1
   Stab: Sleeping          |     1 |       |       ||     1
 Armour: Robe              |     1 |     8 |       ||     9
  Dodge: Dodged            |    17 |    19 |     3 ||    39

Table legend: (Time is in decaauts)
 A = Elapsed time spent in this place.
 B = Non-inter-level travel time spent in this place.
 C = Inter-level travel time spent in this place.
 D = Time resting spent in this place.
 E = Time spent auto-exploring this place.
 F = Levels seen in this place.
 G = Mean time per level.
                   A        B        C        D        E       F      G
               +--------+--------+--------+--------+--------+-----+--------+
         Total |   3123 |   3037 |     86 |    707 |   1867 |   4 |  780.8 |
       Dungeon |   3123 |   3037 |     86 |    707 |   1867 |   4 |  780.8 |
               +--------+--------+--------+--------+--------+-----+--------+

Top non-repeatable levels by time:
     D:3: 1780 daAuts
     D:2: 753 daAuts
     D:1: 535 daAuts
     D:4: 53 daAuts
